 Dungeon Crawl Stone Soup version 0.30-a0-782-ge64f9170bb (webtiles) character file.

Game seed: 11780395124823231725

774 HoaS the Basher (level 7, -4/66 HPs)
             Began as an Ogre Gladiator on Mar 8, 2023.
             Slain by a lemure (5 damage)
             ... led by Pikel
             ... on level 4 of the Dungeon.
             The game lasted 00:10:56 (4001 turns).

HoaS the Basher (Ogre Gladiator)                    Turns: 4001, Time: 00:10:57

Health: -4/66      AC:  6    Str: 25    XL:     7   Next: 84%
Magic:  7/7        EV: 10    Int:  9    God:
Gold:   220        SH:  0    Dex: 12    Spells: 6/6 levels left

rFire   . . .      SeeInvis .    a - +1 flail (venom)
rCold   . . .      Faith    .    (no shield)
rNeg    . . .      Spirit   .    b - +0 robe
rPois   .          Reflect  .    c - +0 hat
rElec   .          Harm     .    m - +2 cloak
rCorr   +          Rampage  .    (gloves unavailable)
Will    .....                    (boots unavailable)
Stlth   +                        (no amulet)
HPRegen 0.31/turn                o - +6 ring of strength
MPRegen 0.10/turn                r - ring of resist corrosion

@: no status effects
A: large, unfitting armour, tough skin 1
a: no special abilities


You were on level 4 of the Dungeon.
You visited 1 branch of the dungeon, and saw 4 of its levels.
You also visited: Sewer.

You collected 220 gold pieces.

Inventory:

Hand Weapons
 a - a +1 flail of venom (weapon)
Missiles
 d - 3 throwing nets (quivered)
 e - a large rock
Armour
 b - a +0 robe (worn)
 c - a +0 hat (worn)
 m - a +2 cloak (worn)
Jewellery
 n - a ring of ice
 o - a +6 ring of strength (left hand)
 r - a ring of resist corrosion (right hand)
Wands
 h - a wand of iceblast (5)
Scrolls
 f - a scroll of magic mapping
 s - a scroll of enchant armour
Potions
 g - 4 potions of curing
 i - a potion of resistance
 j - 2 potions of flight
 k - 2 potions of might {unknown}
 l - a potion of lignification {unknown}
 p - 2 potions of heal wounds {unknown}
 q - a potion of mutation {unknown}


   Skills:
 - Level 2.6 Fighting
 + Level 8.2 Maces & Flails
 - Level 2.0 Throwing
 - Level 2.6 Dodging


You had 6 spell levels left.
You didn't know any spells.
Your spell library contained the following spells:

 Spells                   Type           Power      Damage    Failure   Level
 Magic Dart               Conj           0%         1d3       38%         1
 Searing Ray              Conj           0%         2d4       52%         2
 Fulminant Prism          Conj/Hex       0%         3d5       99%         4


Dungeon Overview and Level Annotations

Branches:
Dungeon (4/15)              Sewer (visited)
 Temple: D:4-7

Altars:

Annotations:
D:4 Pikel


Innate Abilities, Weirdness & Mutations

You are too large for most types of armour.
You have tough skin. (AC +1)


Message History

You kill the goblin!
The kobold hits you but does no damage.
You barely miss the kobold. The kobold hits you but does no damage.
You thump the kobold!
You kill the kobold!
No target in view!
p - 2 viscous puce potions (gained 1);
s - a scroll of enchant armour
Things that are here:
a +0 dagger; a goblin corpse You now have 220 gold pieces (gained 7).
Things that are here:
a +0 dagger; a kobold corpse
Things that are here:
a +0 dagger; a goblin corpse Pikel is nearby!
Pikel hits you with a +2 whip of electrocution.
You are electrocuted!
You barely miss Pikel.
The lemure shouts!
Pikel hits you with a +2 whip of electrocution!
You hit Pikel but do no damage.
Pikel is poisoned.
Pikel barely misses you.
You thump Pikel!
Pikel looks as sick as possible!
Pikel is moderately wounded.
Pikel scowls and wipes his hands on his robe.
Pikel hits you with a +2 whip of electrocution!
You are electrocuted!!
You thump Pikel!
Pikel looks as sick as possible!
Pikel is severely wounded.
Pikel hits you with a +2 whip of electrocution.
* * * LOW HITPOINT WARNING * * *
You hit Pikel but do no damage.
Pikel is severely wounded.
Pikel hits you with a +2 whip of electrocution!
* * * LOW HITPOINT WARNING * * *
The lemure hits you!
* * * LOW HITPOINT WARNING * * *
You hit Pikel.
Pikel is severely wounded.
The lemure hits you.
You die...

#.##.# #.# #.##.#
#)# #.##.# #.#
#.##.## #<#####
#.#...# #.....#
#.#...# ###...#
##.#...#### #.###
#.........# #.#
#...@.....# #.#
#...K5....# #.#
#####...#.## #.#
...>....#.### #.#
###.......# #)#
#######.)###.#
#.#
.......).###.#
#.#
#####....)##.#
#.#
#...†....######.#


You could see Pikel (extremely poisoned) and a lemure.

Vanquished Creatures
  Sigmund (D:4)
  A black bear (D:4)
  A phantom (D:3)
  2 bullfrogs (Sewer)
  3 orc priests
  An orc wizard (D:3)
  Robin (D:3)
  7 adders
  A dart slug (D:3)
  7 orcs
  3 endoplasms
  13 giant cockroaches
  19 goblins
  5 hobgoblins
  12 jackals
  5 kobolds
  9 quokkas
  13 ball pythons
  4 bats
  16 frilled lizards
  3 rats
127 creatures vanquished.

Notes
Turn   | Place    | Note
-------+----------+-------------------------------------------
     0 | D:1      | HoaS the Ogre Gladiator began the quest for the Orb.
     0 | D:1      | Reached XP level 1. HP: 22/22 MP: 1/1
    93 | D:1      | You fall into a shaft and drop 1 floor!
   114 | D:2      | Reached skill level 3 in Maces & Flails
   117 | D:2      | Reached XP level 2. HP: 21/29 MP: 2/2
   495 | D:1      | Reached XP level 3. HP: 29/36 MP: 3/3
  1171 | D:2      | Reached skill level 4 in Maces & Flails
  1444 | D:2      | Reached XP level 4. HP: 41/44 MP: 4/4
  2057 | D:3      | Noticed Robin
  2080 | D:3      | HP: 2/44 [Robin/+0 spear of freezing (3)]
  2087 | D:3      | Killed Robin
  2295 | D:3      | Reached skill level 5 in Maces & Flails
  2295 | D:3      | Reached XP level 5. HP: 50/50 MP: 5/5
  2550 | D:3      | Noticed a phantom
  2563 | D:3      | Killed a phantom
  2564 | D:3      | Reached skill level 6 in Maces & Flails
  2564 | D:3      | Reached XP level 6. HP: 44/59 MP: 6/6
  2999 | D:4      | Noticed Pikel
  3090 | D:4      | Found a glowing drain.
  3104 | Sewer    | Entered a sewer
  3452 | Sewer    | Reached skill level 7 in Maces & Flails
  3452 | Sewer    | Reached XP level 7. HP: 62/66 MP: 7/7
  3884 | D:4      | Noticed Sigmund
  3903 | D:4      | Killed Sigmund
  3931 | D:4      | Reached skill level 8 in Maces & Flails
  4000 | D:4      | HP: 1/66 [lemure[Pikel] (7)]
  4001 | D:4      | Slain by a lemure

Illustrated notes

Levels and vault maps discovered:
D:1:      amcnicky_arrival_flooded_fountain, layout_rooms, nrook_uturn
D:2:      layout_basic
D:3:      layout_loops_ring, uniq_robin
D:4:      layout_loops_ring, portal_sewer_entry_f, uniq_sigmund, uniq_pikel

Skill      XL: |  1  2  3  4  5  6  7 |
---------------+----------------------+-----
Maces & Flails | 3 4 5 6 7 8 |  8.2
Fighting       | |  2.6
Throwing       | |  2.0
Dodging        | |  2.6

Action                     |  1- 3 |  4- 6 |  7- 9 || total
---------------------------+-------+-------+-------++-------
  Melee: Flail             |   120 |   238 |    49 ||   407
         Punch             |       |     2 |       ||     2
    Use: Scroll            |     6 |     9 |       ||    15
         Potion            |       |     1 |       ||     1
 Armour: Robe              |    60 |    86 |    11 ||   157
  Dodge: Dodged            |    96 |   127 |    18 ||   241

Table legend: (Time is in decaauts)
 A = Elapsed time spent in this place.
 B = Non-inter-level travel time spent in this place.
 C = Inter-level travel time spent in this place.
 D = Time resting spent in this place.
 E = Time spent auto-exploring this place.
 F = Levels seen in this place.
 G = Mean time per level.
                   A        B        C        D        E       F      G
               +--------+--------+--------+--------+--------+-----+--------+
         Total |   4055 |   3964 |     91 |    734 |   2222 |   5 |  811.0 |
       Dungeon |   3461 |   3370 |     91 |    659 |   1921 |   4 |  865.2 |
         Sewer |    594 |    594 |      0 |     75 |    301 |   1 |  594.0 |
               +--------+--------+--------+--------+--------+-----+--------+

Top non-repeatable levels by time:
     D:2: 1296 daAuts
     D:3: 1229 daAuts
   Sewer: 594 daAuts
     D:1: 563 daAuts
     D:4: 372 daAuts
